 Dungeon Crawl Stone Soup version 0.31.0 (webtiles) character file.

Game seed: 2079411146583292451

866 qw the Shooter (level 8, -15/48 HPs)
             Began as a Gargoyle Hunter on Jan 20, 2024.
             Demolished by an ogre
             ... wielding a +0 giant spiked club
              (21 damage)
             ... on level 5 of the Dungeon.
             The game lasted 00:00:21 (3802 turns).

qw the Shooter (Gargoyle Hunter)                    Turns: 3802, Time: 00:00:21

Health: -15/48     AC:  9    Str: 15    XL:     8   Next: 3%
Magic:  0/0        EV: 11    Int:  6    God:
Gold:   113        SH:  0    Dex: 15    Spells: 7/7 levels left

rFire   + + +        a - +0 shortbow (flame)
rCold   . . .        (shield currently unavailable)
rNeg    + . .        p - +0 ring mail {rF+}
rPois   inf          e - +1 hat of Noefonerr {+Blink Regen+ MP-9 Int-4}
rElec   +            g - +0 cloak
rCorr   .            j - +2 pair of gloves
SInv    .            (no boots)
Will    .....        (no amulet)
Stlth   +            m - ring of protection from fire
HPRegen 1.08/turn    o - ring of protection from fire
MPRegen 0.07/turn

%: no passive effects
@: about to teleport, corroded
A: sickness immunity, AC +5, negative energy resistance 1, electricity
resistance, torment resistance 1, petrification resistance
a: Evoke Blink


You were on level 5 of the Dungeon.
You visited 2 branches of the dungeon, and saw 6 of its levels.

You collected 161 gold pieces.
You spent 48 gold pieces at shops.


Innate Abilities, Weirdness & Mutations

You are immune to sickness and miasma.
Your stone body is resilient. (AC +5)
You are immune to poison.
You resist negative energy. (rN+)
You are resistant to electric shocks. (rElec)
You are resistant to unholy torment.
You are immune to petrification.


   Skills:
 - Level 4.7 Fighting
 + Level 7.7 Ranged Weapons
 - Level 4.4 Armour
 - Level 1.5 Dodging
 - Level 1.1 Stealth


You had 7 spell levels left.
You didn't know any spells.
Your spell library was empty.

Inventory:

Hand Weapons
 a - a +0 shortbow of flaming (weapon)
Armour
 e - the +1 hat of Noefonerr (worn) {+Blink Regen+ MP-9 Int-4}
   (You acquired it on level 4 of the Dungeon)

   Int-4:     It affects your intelligence (-4).
   MP-9:      It affects your magic capacity (-9).
   +Blink:    It lets you blink.
   Regen+:    It increases your rate of health regeneration.
 g - a +0 cloak (worn)
 j - a +2 pair of gloves (worn)
 p - a +0 ring mail of fire resistance (worn)
Jewellery
 m - a ring of protection from fire (left hand)
 o - a ring of protection from fire (right hand)
Wands
 n - a wand of roots (12)
 q - a wand of paralysis (7)
Potions
 f - a potion of brilliance {unknown}
 h - a potion of lignification {unknown}
 i - 2 potions of enlightenment
 k - a potion of might
 l - a potion of mutation
 r - a potion of cancellation

Dungeon Overview and Level Annotations

Branches:
Dungeon (5/15)             Temple (1/1) D:4

Altars:
Ashenzari
Fedhas
Gozag
Hepliaklqana
Kikubaaqudgha
Nemelex Xobeh
Qazlal
Ru
Vehumet
Wu Jian
Xom
Yredelemnul
Zin

Shops:
D:3 =?[


Message History

The gnoll closely misses you. The gnoll hits you but does no damage.
You hear some strange, mumbled words.
You are more confused.
The orc priest hits you but does no damage.
The gnoll barely misses you. Something hits you.
The gnoll hits you with a +1 whip of draining.
The orc priest barely misses you. The gnoll closely misses you.
Something hits you but does no damage. The gnoll misses you.
The orc priest miscasts a cantrip.
The gnoll zaps a wand.
The bolt of acid hits you but does no damage.
The acid corrodes you! Something hits you but does no damage.
The gnoll closely misses you.
The orc priest hits you with a +0 short sword.
The gnoll zaps a wand.
The bolt of acid hits you! The acid corrodes you! Something hits you.
The gnoll closely misses you.
The orc priest hits you but does no damage.
The gnoll barely misses you. x2; Something hits you but does no damage.
The orc priest hits you but does no damage.
The gnoll barely misses you. Something hits you but does no damage.
The gnoll hits you but does no damage.
The orc priest hits you but does no damage.
The gnoll closely misses you. The gnoll misses you.
Something hits you but does no damage. The orc priest closely misses you.
The gnoll zaps a wand.
The bolt of acid hits you! Something hits you but does no damage.
The orc priest hits you with a +0 short sword.
The gnoll hits you with a +0 club. Something hits you but does no damage.
You feel less confused. The orc priest completely misses you.
The gnoll closely misses you. Something hits you but does no damage.
The ogre barely misses you.
3802 ||| READING scroll of teleportation.
As you read the scroll of teleportation, it crumbles to dust.
You feel strangely unstable. The orc priest closely misses you.
The gnoll misses you.
You hear some strange, mumbled words.
A puff of flame appears from out of thin air!
The puff of flame hits you but does no damage.
The ogre hits you with a +0 giant spiked club!!
You die...

#.# #.#.PPP. ##
#.#####.#..PPP ..
....[...)..).P #.
#.#####.#.P... #. #.#
#...PPP. # #. #.#
#.....PP ...###.####.#
#####...
......Og....#########.##
....)g{@.!.).)).......##
######o#%###########..<.
#.#.# ##..# #.#.# ##.#
#.#.# #.# ..#.# #.#
##... #.# ... #.# ...
#..


You could see an ogre, an orc priest and 2 gnolls.

Vanquished Creatures
  Sigmund (D:3)
  A water moccasin (D:4)
  2 phantoms
  A scorpion (D:3)
  A hound (D:4)
  A bombardier beetle (D:5)
  A jelly (D:3)
  Ijyb (D:4)
  An orc wizard (D:5)
  8 gnolls
  7 adders
  A shadow imp (D:5)
  2 ufetubi (D:4)
  3 dart slugs
  8 orcs
  10 endoplasms
  3 giant cockroaches
  7 goblins
  6 hobgoblins
  3 jackals (D:4)
  4 quokkas
  6 ball pythons
  5 bats
  3 frilled lizards
  10 kobolds
  9 rats
105 creatures vanquished.

Vanquished Creatures (others)
  A gnoll (D:5)
  An orc (D:5)
2 creatures vanquished.

Grand Total: 107 creatures vanquished

Notes
Turn   | Place    | Note
-------+----------+-------------------------------------------
     0 | D:1      | qw the Gargoyle Hunter began the quest for the Orb.
     0 | D:1      | Reached XP level 1. HP: 12/12 MP: 1/1
     0 | D:1      | 0 ||| qw: Version: 0.3-a-132-g3d54051
     0 | D:1      | 0 ||| qw: Game counter: 436
     0 | D:1      | 0 ||| qw: Melee chars always use a shield: true
     0 | D:1      | 0 ||| qw: God list: Okawaru
     0 | D:1      | 0 ||| qw: Allow faded altars: false
     0 | D:1      | 0 ||| qw: Do Orc after clearing Dungeon:15 true
     0 | D:1      | 0 ||| qw: Do second Lair branch before Depths: true
     0 | D:1      | 0 ||| qw: Lair rune preference: random
     0 | D:1      | 0 ||| qw: Goals: Normal
     0 | D:1      | 0 ||| PLANNING D:1-11
    53 | D:1      | Reached XP level 2. HP: 17/17 MP: 2/2
   259 | D:1      | Reached XP level 3. HP: 21/21 MP: 3/3
   273 | D:1      | Reached skill level 5 in Ranged Weapons
   595 | D:1      | 595 ||| UPGRADING to +0 cloak.
   600 | D:1      | 600 ||| READING scroll labelled CELLOVV SIENY.
   601 | D:1      | 601 ||| READING 2 scrolls labelled YZXUNGA RASEOW.
   602 | D:1      | 602 ||| DROPPING scroll of butterflies.
   603 | D:1      | 603 ||| DROPPING scroll of fear.
   797 | D:2      | 797 ||| FLEEEEING.
   882 | D:2      | Reached skill level 3 in Fighting
   945 | D:2      | Reached XP level 4. HP: 28/28 MP: 4/4
  1329 | D:2      | 1329 ||| UPGRADING to +0 ring mail.
  1339 | D:2      | 1339 ||| DROPPING +0 leather armour.
  1340 | D:2      | 1340 ||| UPGRADING to +0 pair of gloves.
  1345 | D:2      | 1345 ||| UPGRADING to ring of protection from fire.
  1346 | D:2      | 1346 ||| READING scroll labelled ULOIS OVYSAIVO.
  1346 | D:2      | 1346 ||| IDENTIFYING bubbling inky potion
  1347 | D:2      | 1347 ||| READING scroll labelled CAPYXE DABBEHE.
  1348 | D:2      | 1348 ||| FLEEEEING.
  1351 | D:2      | 1351 ||| READING scroll labelled REOCA HUNEPAOR.
  1351 | D:2      | 1351 ||| BRANDING +0 shortbow.
  1352 | D:2      | 1352 ||| DROPPING potion of ambrosia.
  1554 | D:3      | Noticed Sigmund
  1557 | D:3      | 1557 ||| FLEEEEING.
  1558 | D:3      | 1558 ||| FLEEEEING.
  1559 | D:3      | 1559 ||| FLEEEEING.
  1560 | D:3      | 1560 ||| FLEEEEING.
  1561 | D:3      | 1561 ||| FLEEEEING.
  1562 | D:3      | 1562 ||| DRINKING sapphire potion.
  1563 | D:3      | 1563 ||| FLEEEEING.
  1564 | D:3      | 1564 ||| FLEEEEING.
  1566 | D:3      | 1566 ||| FLEEEEING.
  1567 | D:3      | 1567 ||| FLEEEEING.
  1569 | D:3      | 1569 ||| FLEEEEING.
  1570 | D:3      | 1570 ||| FLEEEEING.
  1571 | D:3      | 1571 ||| FLEEEEING.
  1572 | D:3      | 1572 ||| FLEEEEING.
  1573 | D:3      | 1573 ||| FLEEEEING.
  1574 | D:3      | 1574 ||| FLEEEEING.
  1575 | D:3      | 1575 ||| FLEEEEING.
  1576 | D:3      | 1576 ||| FLEEEEING.
  1577 | D:3      | 1577 ||| FLEEEEING.
  1578 | D:3      | 1578 ||| FLEEEEING.
  1579 | D:3      | 1579 ||| FLEEEEING.
  1580 | D:3      | 1580 ||| FLEEEEING.
  1581 | D:3      | 1581 ||| FLEEEEING.
  1583 | D:3      | 1583 ||| FLEEEEING.
  1584 | D:3      | 1584 ||| FLEEEEING.
  1585 | D:3      | 1585 ||| FLEEEEING.
  1586 | D:3      | 1586 ||| FLEEEEING.
  1587 | D:3      | 1587 ||| FLEEEEING.
  1588 | D:3      | 1588 ||| FLEEEEING.
  1589 | D:3      | 1589 ||| FLEEEEING.
  1590 | D:3      | 1590 ||| FLEEEEING.
  1591 | D:3      | 1591 ||| FLEEEEING.
  1592 | D:3      | 1592 ||| FLEEEEING.
  1593 | D:3      | 1593 ||| FLEEEEING.
  1594 | D:3      | 1594 ||| FLEEEEING.
  1595 | D:3      | 1595 ||| FLEEEEING.
  1596 | D:3      | 1596 ||| FLEEEEING.
  1597 | D:3      | 1597 ||| FLEEEEING.
  1598 | D:3      | 1598 ||| FLEEEEING.
  1599 | D:3      | 1599 ||| FLEEEEING.
  1600 | D:3      | 1600 ||| FLEEEEING.
  1601 | D:3      | 1601 ||| FLEEEEING.
  1602 | D:3      | 1602 ||| FLEEEEING.
  1609 | D:3      | Killed Sigmund
  1610 | D:3      | Reached XP level 5. HP: 12/32 MP: 5/5
  1610 | D:3      | Reached XP level 6. HP: 14/37 MP: 6/6
  1706 | D:3      | Found a faded altar of an unknown god.
  1781 | D:3      | Found Meatewn's Jewellery Emporium.
  1792 | D:3      | 1792 ||| SHOPLISTING +4 ring of protection (396 gold, have
                  | 71).
  1792 | D:3      | 1792 ||| SHOPLISTING +6 ring of dexterity (396 gold, have
                  | 71).
  1792 | D:3      | 1792 ||| SHOPLISTING amulet of faith (440 gold, have 71).
  1792 | D:3      | 1792 ||| SHOPLISTING ring "Tutwuuc" {rF+ rN+ MP-9 Int+6
                  | Stlth+} (419 gold, have 71).
  1792 | D:3      | 1792 ||| SHOPLISTING ring of see invisible (165 gold, have
                  | 71).
  1792 | D:3      | 1792 ||| SHOPLISTING ring of willpower (275 gold, have 71).
  1799 | D:3      | Found Qatzoad's Magic Scroll Shoppe.
  1804 | D:3      | 1804 ||| SHOPLISTING scroll of enchant weapon (90 gold,
                  | have 71).
  1804 | D:3      | 1804 ||| BUYING scroll of identify (24 gold).
  1804 | D:3      | Bought a scroll of identify for 24 gold pieces
  1804 | D:3      | 1804 ||| BUYING scroll of identify (24 gold).
  1804 | D:3      | Bought a scroll of identify for 24 gold pieces
  1804 | D:3      | 1804 ||| SHOPLISTING scroll of teleportation (36 gold, have
                  | 23).
  1829 | D:3      | Found a blossoming altar of Fedhas.
  1930 | D:3      | Found Kugrun's Antique Armour Boutique.
  1939 | D:3      | 1939 ||| SHOPLISTING +3 crown of Dyrovepreva {rElec Int+2
                  | SInv} (828 gold, have 23).
  1939 | D:3      | 1939 ||| SHOPLISTING pair of embroidered boots (150 gold,
                  | have 23).
  2122 | D:3      | 2122 ||| FLEEEEING.
  2286 | D:3      | Reached skill level 6 in Ranged Weapons
  2380 | D:3      | 2380 ||| UPGRADING to ring of protection from fire.
  2381 | D:3      | 2381 ||| READING 5 scrolls of identify.
  2381 | D:3      | 2381 ||| IDENTIFYING emerald potion
  2382 | D:3      | 2382 ||| READING 4 scrolls of identify.
  2382 | D:3      | 2382 ||| IDENTIFYING lumpy amethyst potion
  2383 | D:3      | 2383 ||| READING 3 scrolls of identify.
  2383 | D:3      | 2383 ||| IDENTIFYING orange potion
  2384 | D:3      | 2384 ||| READING 2 scrolls of identify.
  2384 | D:3      | 2384 ||| IDENTIFYING murky brown potion
  2385 | D:3      | 2385 ||| READING scroll of identify.
  2385 | D:3      | 2385 ||| IDENTIFYING scroll labelled XITITIKHLADGH
  2386 | D:3      | 2386 ||| READING 2 scrolls labelled TUOPNU AP COHO.
  2387 | D:3      | 2387 ||| READING scroll labelled PESMUSTRAKU.
  2387 | D:3      | 2387 ||| ENCHANTING +0 pair of gloves.
  2388 | D:3      | 2388 ||| DROPPING scroll of noise.
  2389 | D:3      | 2389 ||| DROPPING scroll of revelation.
  2478 | D:4      | 2478 ||| FLEEEEING.
  2487 | D:4      | 2487 ||| STAIRDANCE
  2492 | D:3      | 2492 ||| FLEEEEING.
  2493 | D:3      | 2493 ||| FLEEEEING.
  2494 | D:3      | 2494 ||| FLEEEEING.
  2495 | D:3      | 2495 ||| FLEEEEING.
  2496 | D:3      | 2496 ||| FLEEEEING.
  2497 | D:3      | 2497 ||| FLEEEEING.
  2498 | D:3      | 2498 ||| FLEEEEING.
  2499 | D:3      | 2499 ||| FLEEEEING.
  2500 | D:3      | 2500 ||| FLEEEEING.
  2501 | D:3      | 2501 ||| FLEEEEING.
  2502 | D:3      | 2502 ||| FLEEEEING.
  2503 | D:3      | 2503 ||| FLEEEEING.
  2504 | D:3      | 2504 ||| FLEEEEING.
  2505 | D:3      | 2505 ||| FLEEEEING.
  2506 | D:3      | 2506 ||| FLEEEEING.
  2508 | D:3      | 2508 ||| FLEEEEING.
  2509 | D:3      | 2509 ||| FLEEEEING.
  2510 | D:3      | 2510 ||| FLEEEEING.
  2511 | D:3      | 2511 ||| FLEEEEING.
  2514 | D:3      | 2514 ||| FLEEEEING.
  2515 | D:3      | 2515 ||| FLEEEEING.
  2516 | D:3      | 2516 ||| STAIRDANCE
  2693 | D:4      | Noticed a water moccasin
  2709 | D:4      | Killed a water moccasin
  2710 | D:4      | Reached XP level 7. HP: 32/44 MP: 7/7
  2710 | D:4      | 2710 ||| FLEEEEING.
  2774 | D:4      | 2774 ||| READING scroll of enchant armour.
  2774 | D:4      | 2774 ||| ENCHANTING +1 pair of gloves.
  2860 | D:4      | Found a stormy altar of Qazlal.
  2905 | D:4      | Found a staircase to the Ecumenical Temple.
  2906 | D:4      | 2906 ||| PLANNING TEMPLE
  2906 | D:4      | 2906 ||| UPGRADING to +2 helmet.
  2916 | Temple   | Entered the Ecumenical Temple
  2917 | Temple   | 2917 ||| PLANNING D:1-11
  2982 | D:4      | Noticed Ijyb
  2989 | D:4      | Paralysed by Ijyb for 4 turns
  3000 | D:4      | Killed Ijyb
  3440 | D:4      | 3440 ||| UPGRADING to +0 ring mail of fire resistance.
  3450 | D:4      | 3450 ||| DROPPING +0 ring mail.
  3451 | D:4      | 3451 ||| READING scroll of identify.
  3451 | D:4      | 3451 ||| IDENTIFYING glowing orange potion
  3452 | D:4      | 3452 ||| READING scroll labelled NIACZA FEOTZUDGH.
  3452 | D:4      | Identified a scroll of acquirement
  3452 | D:4      | 3452 ||| ACQUIRING +1 hat of Noefonerr {+Blink Regen+ MP-9
                  | Int-4}
  3452 | D:4      | Acquired the +1 hat of Noefonerr {+Blink Regen+ MP-9 Int-4}
  3454 | D:4      | 3454 ||| UPGRADING to +1 hat of Noefonerr {+Blink Regen+
                  | MP-9 Int-4}.
  3464 | D:4      | 3464 ||| DROPPING +2 helmet.
  3465 | D:4      | 3465 ||| DROPPING potion of berserk rage.
  3497 | D:5      | Entered Level 5 of the Dungeon
  3513 | D:5      | Reached skill level 7 in Ranged Weapons
  3593 | D:5      | Found a hazy altar of Hepliaklqana.
  3631 | D:5      | 3631 ||| DRINKING potion of curing.
  3631 | D:5      | 3631 ||| (to cure confusion)
  3643 | D:5      | Found a basalt altar of Yredelemnul.
  3758 | D:5      | Reached XP level 8. HP: 48/48 MP: 0/8
  3758 | D:5      | 3758 ||| READING scroll of identify.
  3758 | D:5      | 3758 ||| IDENTIFYING grey potion
  3759 | D:5      | 3759 ||| DROPPING potion of attraction.
  3799 | D:5      | HP: 7/48 [gnoll/bolt of acid (11)]
  3802 | D:5      | 3802 ||| READING scroll of teleportation.
  3802 | D:5      | Demolished by an ogre

Levels and vault maps discovered:
D:1:      onia_arrival_pyramid, layout_loops_cross
D:2:      layout_loops_ring
D:3:      layout_loops_corners, fedhas_altar_1, chequers_ecumenical_altar_grove,
          serial_shops, nicolae_shop_gaudy_bauble, shop, shop,
          minmay_randomly_rotated_circles, uniq_sigmund
D:4:      layout_loops_ring, nicolae_qazlal_general_emergency,
          minmay_temple_entry_sparse_star, uniq_ijyb, uniq_crazy_yiuf_cottage
D:5:      layout_loops_ring, tso_altar, mainiacjoe_overflow_catch_the_wave,
          minmay_shop_mass
Temple:   chequers_temple_sunken

Skill      XL: |  1  2  3  4  5  6  7 |
---------------+----------------------+-----
Ranged Weapons | 5 6 7 |  7.7
Fighting       | 3 4 |  4.7
Armour         | 4 |  4.4
Dodging        | |  1.5
Stealth        | |  1.1

Action                     |  1- 3 |  4- 6 |  7- 9 || total
---------------------------+-------+-------+-------++-------
   Fire: Shortbow          |    80 |   137 |   132 ||   349
    Use: Scroll            |     2 |    10 |     5 ||    17
         Potion            |       |     1 |     1 ||     2
 Armour: Leather armour    |     9 |    10 |       ||    19
         Ring mail         |       |    71 |    87 ||   158
  Dodge: Dodged            |    10 |    59 |    64 ||   133

Table legend:
 A = Non-vault XP
 B = Vault XP
 C = Vault XP percentage of total XP
 D = Non-vault monster count
 E = Vault monster count
 F = Vault count percentage of total count
                 A         B        C        D         E       F
            +---------+---------+-------+---------+---------+-------
      Total |     966 |     272 |  22.0 |      97 |       8 |   7.6
            +---------+---------+-------+---------+---------+-------
        D:1 |      47 |       0 |   0.0 |      28 |       0 |   0.0
        D:2 |      54 |       0 |   0.0 |      12 |       0 |   0.0
        D:3 |     157 |     236 |  60.1 |      18 |       7 |  28.0
        D:4 |     415 |      36 |   8.0 |      23 |       1 |   4.2
        D:5 |     293 |       0 |   0.0 |      16 |       0 |   0.0
            +---------+---------+-------+---------+---------+-------
